 Dungeon Crawl Stone Soup version 0.29.1-1-gd02db6906a (webtiles) character file.

Game seed: 12562247648517870302

1013 croobank the Ducker (level 8, -8/37 HPs)
             Began as a Felid Summoner on Oct 5, 2022.
             Was an Initiate of Gozag.
             Killed by an exploding themself (34 damage)
             ... ignited by their inner flame
             ... on level 7 of the Dungeon.
             The game lasted 00:52:53 (9296 turns).

croobank the Ducker (Felid Summoner)                Turns: 9296, Time: 00:52:54

Health: -8/37      AC:  2    Str:  4    XL:     8   Next: 1%
Magic:  0/16       EV: 21    Int: 18    God:    Gozag
Gold:   508        SH:  0    Dex: 17    Spells: 2/17 levels left
                                        Lives:  0   Deaths: 2

rFire   . . .      SeeInvis +   (weapon unavailable)
rCold   . . .      Faith    .   (shield unavailable)
rNeg    . . .      Spirit   +   (body armour unavailable)
rPois   .          Reflect  .   (helmet unavailable)
rElec   .          Harm     .   (cloak unavailable)
rCorr   +          Rampage  .   (gloves unavailable)
Will    ++...                   (boots unavailable)
Stlth   +++.......              e - amulet of guardian spirit
HPRegen 0.12/turn               c - ring of willpower
MPRegen 0.15/turn               l - ring of resist corrosion

@: quick
A: very small, claws 1, fangs 3, see invisible, speed 1, shaggy fur 2, stealthy
paws, no weapons or thrown items, no armour, multi-lived
a: Renounce Religion, Potion Petition, Call Merchant, Bribe Branch


You were on level 7 of the Dungeon.
You worshipped Gozag.
Gozag was pleased with you.
You visited 2 branches of the dungeon, and saw 8 of its levels.

You collected 605 gold pieces.
You spent 24 gold pieces at shops.
You paid 73 gold pieces to Gozag.

Inventory:

Jewellery
 a - a ring of poison resistance
 c - a ring of willpower (left paw)
 e - an amulet of guardian spirit (around neck)
 h - a ring of flight
 l - a ring of resist corrosion (right paw)
Scrolls
 j - 2 scrolls of amnesia
 m - a scroll of blinking
 n - a scroll of enchant weapon {unknown}
 p - a scroll of noise {unknown}
Potions
 b - 3 potions of lignification
 d - 4 potions of berserk rage
 f - 3 potions of might
 g - 4 potions of heal wounds
 i - a potion of curing {unknown}
 k - a potion of attraction
 o - a potion of brilliance {unknown}


   Skills:
 + Level 5.3 Fighting
 + Level 7.4 Dodging
 - Level 5.0 Stealth
 + Level 5.2 Spellcasting
 - Level 5.0 Hexes
 + Level 6.7 Summonings
 + Level 2.5 Translocations
 * Level 2.1 Air Magic


You had 2 spell levels left.
You knew the following spells:

 Your Spells              Type           Power      Damage    Failure   Level
a - Summon Small Mammal   Summ           100%       N/A       1%          1
b - Call Imp              Summ           28%        N/A       1%          2
c - Call Canine Familiar  Summ           28%        N/A       2%          3
d - Summon Guardian Gole  Hex/Summ       25%        N/A       3%          3
e - Summon Lightning Spi  Summ/Air       20%        N/A       21%         4
f - Blink                 Tloc           26%        N/A       7%          2

Your spell library contained the following spells:

 Spells                   Type           Power      Damage    Failure   Level
 Beastly Appendage        Tmut           8%         N/A       13%         1
 Necrotise                Necr           16%        1d4       13%         1
 Sandblast                Erth           8%         2d5       13%         1
 Passwall                 Tmut/Erth      3%         N/A       21%         2
 Wereblood                Tmut           4%         N/A       21%         2
 Lesser Beckoning         Tloc           13%        N/A       14%         3
 Cause Fear               Hex            11%        N/A       17%         4
 Summon Mana Viper        Hex/Summ       25%        N/A       32%         5
 Spider Form              Tmut/Pois      4%         N/A       36%         3
 Stone Arrow              Conj/Erth      8%         3d7       36%         3
 Vampiric Draining        Necr           4%         2d6       36%         3
 Summon Forest            Summ/Tloc      10%        N/A       47%         5
 Manifold Assault         Tloc           13%        N/A       77%         5
 Summon Cactus Giant      Summ           14%        N/A       77%         6
 Agony                    Necr           4%         N/A       98%         5
 Dragon Form              Tmut           2%         N/A       100%        7
 Dragon's Call            Summ           14%        N/A       100%        9


Dungeon Overview and Level Annotations

Branches:
Dungeon (7/15)             Temple (1/1) D:5

Altars:
Ashenzari
Cheibriados
Dithmenos
Elyvilon
Fedhas
Gozag
Hepliaklqana
Kikubaaqudgha
Makhleb
Nemelex Xobeh
Okawaru
Qazlal
Ru
Sif Muna
Trog
Uskayaw
Vehumet
Wu Jian
Xom
Yredelemnul
Zin
The Shining One

Shops:
D:3 *   D:5 *

Portals:
Abyss: D:6

Annotations:
D:6 2 transporters, SprigganGuy's ghost, novice MiFi


Innate Abilities, Weirdness & Mutations

You have sharp claws.
You have razor-sharp teeth.
You have supernaturally acute eyesight. (SInv)
You cover ground quickly. (Speed+)
You are covered in thick fur. (AC +2)
Your paws help you pounce on unaware monsters.
You are incapable of wielding weapons or throwing items.
You cannot wear armour.
You gain extra lives every three experience levels.


Message History

Flame seeps out of your guardian golem. What are your orders? t - Meow!
Orders for allies: a - Attack new target. p - Attack previous target. r - Retreat! s - Stop attacking. g - Guard the area. f - Follow me.
Anything else - Cancel.
Gang up on whom?
Press: ? - help, Dir - move target, f/p - sky beast
Aim: a sky beast (almost dead, slightly transparent, not watching you, ally target) Attack!
The sky beast is invisible, and some of your allies can't see it.
Your hound bites the sky beast but does no damage.
The sky beast barely misses your hound.
Your hound misses the sky beast.
Your guardian golem is engulfed in blazing flames.
Flame seeps out of your guardian golem. What are your orders? t - Meow!
Orders for allies: a - Attack new target. p - Attack previous target. r - Retreat! s - Stop attacking. g - Guard the area. f - Follow me.
Anything else - Cancel.
Gang up on whom?
Press: ? - help, Dir - move target, f/p - sky beast
Aim: a sky beast (almost dead, slightly transparent, not watching you, ally target) Attack!
The sky beast is invisible, and some of your allies can't see it.
Your hound closely misses the sky beast.
The sky beast hits your hound. The sky beast shocks your hound.
Your hound dies!
Your hound's corpse disappears in a puff of smoke!
Your guardian golem disappears in a puff of smoke!
Your guardian golem explodes!
The fiery explosion engulfs your rat!!!
Your rat dies!
Your rat's corpse disappears in a puff of smoke!
The fiery explosion engulfs you!!!
Ouch! That really hurt!
You die...
Your body crumbles into a pile of gold.

....... .. #....... ..
#..$.. .. #.... .#
#.#$## .# #$$..## .#
##..$..#####.#
#...).§Y.§§@.#
##....$.[§°§.[.g..#
#.####....############
#.......#.#
######.##.# #<##.#
#.##.# #.##.# #.# .#


You could see a sky beast (invisible, unaware) and a gnoll.

Vanquished Creatures
  Grinder (D:3)
  Sigmund (D:3)
  A scorpion (D:4)
  An orc priest (D:6)
  A hound (D:6)
  2 adders (D:2)
  A dart slug (D:5)
  2 orcs
  2 ball pythons
  4 bats
  4 endoplasms
  A jackal (D:1)
  A goblin (D:4)
  3 kobolds
  A rat (D:3)
26 creatures vanquished.

Vanquished Creatures (collateral kills)
  A black bear (D:4)
  An ogre (D:5)
  A kobold brigand (D:7)
  2 necrophages
  A bullfrog (D:7)
  A scorpion (D:5)
  6 hounds
  An orc priest (D:5)
  A jelly (D:5)
  3 iguanas
  3 orc wizards
  3 gnolls (D:4)
  5 adders
  2 river rats (D:6)
  3 worms
  7 dart slugs (D:5)
  11 orcs
  3 bats
  8 endoplasms
  2 giant cockroaches
  4 goblins
  4 hobgoblins
  5 jackals
  2 quokkas
  6 ball pythons
  A frilled lizard (D:1)
  9 kobolds
  9 rats
105 creatures vanquished.

Vanquished Creatures (others)
  A nameless horror (D:6)
  A steam dragon (D:6)
  An ice beast (D:6)
  2 black bears
  An ogre (D:5)
  6 killer bees (D:6)
  A dart slug (D:5)
  2 kobolds (D:7)
  4 plants (D:2)
19 creatures vanquished.

Grand Total: 150 creatures vanquished

Notes
Turn   | Place    | Note
-------+----------+-------------------------------------------
     0 | D:1      | croobank the Felid Summoner began the quest for the Orb.
     0 | D:1      | Reached XP level 1. HP: 7/7 MP: 4/4
   523 | D:1      | Reached XP level 2. HP: 12/12 MP: 3/6
   602 | D:1      | Reached skill level 3 in Dodging
   826 | D:1      | Learned a level 2 spell: Call Imp
  1535 | D:2      | Reached XP level 3. HP: 12/15 MP: 2/7
  1545 | D:2      | Reached skill level 1 in Fighting
  1550 | D:2      | Learned a level 3 spell: Call Canine Familiar
  2375 | D:2      | Reached XP level 4. HP: 10/19 MP: 3/8
  2767 | D:3      | Noticed Sigmund
  2776 | D:4      | Found the +8 trident of the Octopus King {venom, rElec
                  | rPois}
  3198 | D:4      | Reached XP level 5. HP: 22/22 MP: 3/10
  3235 | D:4      | Reached skill level 4 in Dodging
  3518 | D:4      | Noticed a black bear
  3754 | D:3      | Found a sacrificial altar of Ru.
  3756 | D:3      | Found a broken altar of Ashenzari.
  3757 | D:3      | Found a hazy altar of Hepliaklqana.
  3841 | D:3      | Found a stormy altar of Qazlal.
  3842 | D:3      | Found a sparkling altar of Nemelex Xobeh.
  3853 | D:3      | Found a snail-covered altar of Cheibriados.
  3854 | D:3      | Found a blossoming altar of Fedhas.
  3861 | D:3      | Found a glowing golden altar of the Shining One.
  3863 | D:3      | Found a radiant altar of Vehumet.
  3864 | D:3      | Found an iron altar of Okawaru.
  3946 | D:3      | You fall into a shaft and drop 1 floor!
  4282 | D:4      | Noticed a black bear
  4355 | D:3      | Gained mutation: You are covered in thick fur. (AC +2)
                  | [Felid growth]
  4355 | D:3      | Reached XP level 6. HP: 21/27 MP: 3/11
  4359 | D:3      | Learned a level 3 spell: Summon Guardian Golem
  4419 | D:3      | Found Ihoukhlimm's General Store.
  4428 | D:3      | Bought a scroll of identify for 24 gold pieces
  4534 | D:3      | Noticed Grinder
  4544 | D:3      | Killed Grinder
  4545 | D:3      | Reached skill level 5 in Stealth
  4545 | D:3      | Reached skill level 1 in Hexes
  4545 | D:3      | Reached skill level 5 in Summonings
  4814 | D:3      | Found a white marble altar of Elyvilon.
  4866 | D:3      | Identified a scroll of acquirement
  4867 | D:3      | Acquired a book of the Dragon
  4934 | D:3      | Found a basalt altar of Yredelemnul.
  5021 | D:3      | Reached skill level 5 in Dodging
  5021 | D:3      | Reached XP level 7. HP: 31/31 MP: 1/13
  5211 | D:3      | Killed Sigmund
  5358 | D:3      | Learned a level 2 spell: Blink
  5617 | D:5      | Entered Level 5 of the Dungeon
  5908 | D:5      | Found a staircase to the Ecumenical Temple.
  5947 | Temple   | Entered the Ecumenical Temple
  6017 | Temple   | Became a worshipper of Gozag Ym Sagoz the Greedy
  6296 | D:5      | Killed from afar by an orc priest
  6297 | D:5      | Reached XP level 6. HP: -2/28 MP: 0/13
  6318 | D:5      | Reached XP level 7. HP: 32/32 MP: 5/14
  6518 | D:5      | Reached skill level 6 in Dodging
  6848 | D:5      | Found Myeggav Hono's Elemental Accessories.
  7182 | D:5      | Reached skill level 5 in Hexes
  7186 | D:5      | Reached XP level 8. HP: 28/36 MP: 1/15
  8048 | D:6      | Reached skill level 5 in Fighting
  8084 | D:6      | Noticed a green ugly thing
  8088 | D:6      | Found a transporter.
  8089 | D:6      | Noticed an ancient zyme
  8102 | D:6      | Found a transporter.
  8104 | D:6      | Found a one-way gate to the infinite horrors of the Abyss.
  8159 | D:6      | Learned a level 4 spell: Summon Lightning Spire
  8196 | D:6      | Found a glowing silver altar of Zin.
  8239 | D:6      | Noticed a nameless horror
  8271 | D:6      | Killed a nameless horror
  8366 | D:7      | Reached skill level 7 in Dodging
  8572 | D:6      | Reached skill level 5 in Spellcasting
  8572 | D:6      | Reached skill level 1 in Translocations
  8572 | D:6      | Reached skill level 1 in Air Magic
  8902 | D:6      | Engulfed by a cloud of steam
  8903 | D:6      | Reached XP level 7. HP: 0/33 MP: 0/15
  8918 | D:6      | Noticed SprigganGuy's ghost (novice MiFi)
  9246 | D:7      | Reached XP level 8. HP: 36/37 MP: 8/16
  9296 | D:7      | Killed by an exploding themself... ignited by their inner
                  | flame

Illustrated notes

Levels and vault maps discovered:
D:1:      minmay_arrival_cross, layout_rooms
D:2:      cheibrodos_old_hovel, layout_rooms, minmay_misc_feat_doors,
          corexii_corridor_pit
D:3:      layout_loops_cross, kennysheep_ying_yang,
          nicolae_overflow_hallway_of_the_gods, serial_shops, shop,
          roderic_malta_cross, uniq_grinder, uniq_sigmund
D:4:      layout_loops_cross
D:5:      kennysheep_slugbush, layout_layer_cave, minmay_temple_entry_waves,
          hangedman_abyss_or_decor_passed, nicolae_elemental_shop
D:6:      layout_basic, zin_scriptorium, portal_sewer_entry_e,
          gammafunk_ghost_abyssal_escape
D:7:      layout_loops_ring, minmay_crystal_water
Temple:   jpeg_temple_island

Skill      XL: |  1  2  3  4  5  6  7  8 |
---------------+-------------------------+-----
Stealth        | 3 4 5 |  5.0
Dodging        | 3 4 5 6 7 |  7.4
Fighting       | 1 2 4 5 |  5.3
Spellcasting   | 3 4 5 |  5.2
Hexes          | 4 5 |  5.0
Summonings     | 5 6 |  6.7
Translocations | 2 |  2.5
Air Magic      | 2 1 |  2.1

Action                   |  1- 3 |  4- 6 |  7- 9 || total
-------------------------+-------+-------+-------++-------
Melee: Unarmed           |    66 |    32 |    36 ||   134
       Bite              |     7 |     4 |     2 ||    13
       Punch             |       |     1 |     1 ||     2
 Cast: Summon Small Mamm |    59 |    41 |    55 ||   155
       Call Imp          |     9 |    11 |    10 ||    30
       Call Canine Famil |     1 |    21 |    35 ||    57
       Summon Guardian G |       |     1 |    28 ||    29
       Blink             |       |       |     3 ||     3
       Summon Lightning  |       |       |     1 ||     1
  Use: Scroll            |     1 |    13 |     8 ||    22
       Potion            |       |     1 |     5 ||     6
 Stab: Sleeping          |       |     3 |     1 ||     4
Armor: Skin              |     9 |     2 |     5 ||    16
Dodge: Dodged            |   101 |    38 |   102 ||   241
